 Dungeon Crawl Stone Soup version 0.30-a0-52-g86a8295270 (console) character file.

Game seed: 5235416298665470945

2704 capslocke the Reanimator (level 9, -6/61 HPs)
             Began as a Demonspawn Necromancer on Sept 7, 2022.
             Was a Priest of Uskayaw.
             Mangled by an acid dragon (10 damage)
             ... on level 7 of the Dungeon.
             The game lasted 00:36:58 (8499 turns).

capslocke the Reanimator (Demonspawn Necromancer)   Turns: 8499, Time: 00:36:58

Health: -6/61      AC:  9    Str: 13    XL:     9   Next: 39%
Magic:  0/19       EV: 13    Int: 16    God:    Uskayaw [***...]
Gold:   421        SH:  4    Dex: 14    Spells: 18/22 levels left

rFire   . . .      SeeInvis .    d - staff of death
rCold   . . .      Faith    .    (no shield)
rNeg    + . .      Spirit   +    M - +0 steam dragon scales
rPois   +          Reflect  .    (no helmet)
rElec   .          Harm     .    (no cloak)
rCorr   .          Rampage  .    (no gloves)
Will    .....                    (no boots)
Stlth   ++........               (no amulet)
HPRegen 0.20/turn                c - +4 ring of protection
MPRegen 0.32/turn                x - ring of poison resistance

@: no status effects
A: large bone plates 1, ignite blood 2, magic shield, magic regeneration,
weakness stinger 1
a: Renounce Religion, Stomp, Line Pass


You were on level 7 of the Dungeon.
You worshipped Uskayaw.
Uskayaw was noncommittal.
You visited 2 branches of the dungeon, and saw 8 of its levels.
You also visited: Sewer.

You collected 421 gold pieces.

Inventory:

Hand Weapons
 u - a +4 spectral club
Missiles
 g - 4 silver javelins
 C - 3 boomerangs (quivered)
 K - 15 poisoned darts
Armour
 a - a +0 robe
 v - a +1 ring mail of willpower
 M - +0 steam dragon scales (worn)
Magical Staves
 d - a staff of death (weapon)
Jewellery
 c - a +4 ring of protection (left hand)
 x - a ring of poison resistance (right hand)
Wands
 p - a wand of digging (8)
 s - a wand of roots (6)
Scrolls
 f - 3 scrolls of enchant armour {unknown}
 k - 2 scrolls of enchant weapon {unknown}
 l - 8 scrolls of identify {unknown}
 m - 2 scrolls of vulnerability {unknown}
 w - 3 scrolls of immolation {unknown}
 y - a scroll of blinking {unknown}
 z - 4 scrolls of teleportation {unknown}
 A - 2 scrolls of brand weapon {unknown}
 D - a scroll of noise {unknown}
 G - 3 scrolls of amnesia {unknown}
 I - a scroll of fear {unknown}
 N - a scroll of summoning {unknown}
Potions
 b - 2 potions of magic
 e - 2 potions of attraction {unknown}
 h - a potion of flight {unknown}
 i - 3 potions of lignification
 j - a potion of invisibility {unknown}
 n - a potion of ambrosia
 o - 2 potions of might {unknown}
 q - 3 potions of mutation {unknown}
 r - a potion of degeneration {unknown}
 t - 4 potions of curing
 B - 2 potions of berserk rage
 E - a potion of experience {unknown}
 F - 2 potions of cancellation
 J - 2 potions of resistance {unknown}
 L - a potion of haste {unknown}


   Skills:
 + Level 2.1 Fighting
 + Level 2.8 Staves
 + Level 3.0 Armour
 + Level 3.7 Dodging
 - Level 1.7 Stealth
 + Level 1.5 Shields
 + Level 7.2 Spellcasting
 + Level 9.1 Necromancy
 + Level 2.7 Evocations


You had 18 spell levels left.
You knew the following spells:

 Your Spells              Type           Power      Damage    Failure   Level
a - Necrotise             Necr           100%       1d9       1%          1
b - Vampiric Draining     Necr           51%        2d9       1%          3

Your spell library contained the following spells:

 Spells                   Type           Power      Damage    Failure   Level
 Sublimation of Blood     Necr           51%        N/A       1%          2
 Animate Dead             Necr           51%        N/A       3%          4
 Agony                    Necr           51%        N/A       9%          5
 Freeze                   Ice            20%        1d4       12%         1
 Poisonous Vapours        Pois/Air       10%        N/A       19%         2
 Wereblood                Tmut           5%         N/A       19%         2
 Corpse Rot               Necr/Pois/Air  23%        N/A       34%         4
 Frozen Ramparts          Ice            10%        1d2       36%         3
 Hailstorm                Conj/Ice       5%         3d4       77%         4
 Summon Forest            Summ/Tloc      2%         N/A       98%         5
 Eringya's Noxious Bog    Tmut/Pois      2%         N/A       100%        6
 Summon Hydra             Summ           2%         N/A       100%        7


Dungeon Overview and Level Annotations

Branches:
Dungeon (7/15)             Temple (1/1) D:6           Sewer (visited)

Altars:
Ashenzari
Cheibriados
Dithmenos
Fedhas
Gozag
Hepliaklqana
Kikubaaqudgha
Makhleb
Nemelex Xobeh
Okawaru
Qazlal
Ru
Sif Muna
Trog
Uskayaw
Vehumet
Wu Jian
Xom
Yredelemnul

Annotations:
D:3 3 runed translucent doors, frimble's ghost, weakling DsCA


Innate Abilities, Weirdness & Mutations

You are partially covered in large bone plates. (SH +4)
Your demonic aura often causes spilled blood to erupt in flames.
When hurt, damage is shared between your health and your magic reserves.
You regenerate magic rapidly.
You have a small tail.


Message History

You draw life force from the acid dragon!
You feel life coursing into your body.
The white imp laughs crazily.
The white imp gestures at you.
The puff of frost hits your howler monkey skeleton.
Your howler monkey skeleton resists.
The acid dragon spits acid at you. The splash of acid hits you!!
* * * LOW HITPOINT WARNING * * *
Your howler monkey skeleton closely misses the white imp.
You feel better.
Something hits your howler monkey skeleton.
Your howler monkey skeleton is splashed with acid.
Your howler monkey skeleton seems to be corroded for longer.
The white imp hits your howler monkey skeleton.
The white imp freezes your howler monkey skeleton.
Your howler monkey skeleton completely resists.
The acid dragon bites you!
* * * LOW HITPOINT WARNING * * *
The acid dragon claws you but does no damage.
Your howler monkey skeleton hits the white imp.
Uskayaw prepares the audience for your solo!
It was a potion of lignification.
You turn into a tree.
Your +0 steam dragon scales melds into your body.
Your roots penetrate the ground.
The acid dragon is no longer paralysed.
Something completely misses your howler monkey skeleton.
The acid dragon bites you but does no damage.
The acid dragon claws you but does no damage.
Your howler monkey skeleton hits the white imp but does no damage.
It was a potion of cancellation.
Your magical effects are unravelling.
You feel magically purged.
You feel less wooden.
Your +0 steam dragon scales unmelds from your body.
You are no longer corroded.
The white imp is no longer paralysed.
Something hits your howler monkey skeleton.
Your howler monkey skeleton is destroyed!
The acid dragon bites you!
You die...

#...........#
#...........#
#...........#
#...........#
####.####...##)#
#..#.#..###.##.#######
#...#...# #.#.........
####.#### #..>.....##.
#.#@# ########.##.
##D## #.### #.5.#
#.... ....... ###..
#.......# #..
#.......# #..
#.......# #..
#.......# ###
#.......#


You could see an acid dragon (catching breath) and a white imp.

Vanquished Creatures
  A steam dragon (D:7)
  Menkaure (D:4)
  Edmund (D:4)
  2 sky beasts (D:7)
  Pargi (Sewer)
  An ice beast (D:6)
  2 black bears
  A centaur (D:5)
  2 kobold brigands
  A bullfrog (D:7)
  5 scorpions
  2 wights (D:7)
  A killer bee (D:6)
  A howler monkey (D:7)
  3 orc priests
  2 hounds
  3 jellies
  Ijyb (D:3)
  Jessica (D:2)
  Terence (D:2)
  6 iguanas
  3 orc wizards
  5 gnolls
  9 adders
  2 shadow imps
  4 white imps
  An ufetubus (D:3)
  5 worms
  5 dart slugs
  20 orcs
  11 bats
  8 endoplasms
  7 giant cockroaches
  16 goblins
  8 hobgoblins
  10 jackals
  11 kobolds
  7 quokkas
  8 ball pythons
  6 frilled lizards
  8 rats
193 creatures vanquished.

Vanquished Creatures (collateral kills)
  An ogre (D:3)
  A wight (D:7)
  A hound (D:4)
  2 kobolds (D:6)
5 creatures vanquished.

Vanquished Creatures (others)
  3 fungi (D:3)
3 creatures vanquished.

Grand Total: 201 creatures vanquished

Notes
Turn   | Place    | Note
-------+----------+-------------------------------------------
     0 | D:1      | capslocke the Demonspawn Necromancer began the quest for
                  | the Orb.
     0 | D:1      | Reached XP level 1. HP: 13/13 MP: 3/3
   166 | D:1      | Gained mutation: You regenerate magic rapidly. [demonic
                  | ancestry]
   166 | D:1      | Reached XP level 2. HP: 19/19 MP: 1/5
   364 | D:1      | Reached skill level 5 in Necromancy
   656 | D:1      | Gained mutation: You have a small tail. [demonic ancestry]
   656 | D:1      | Reached XP level 3. HP: 24/24 MP: 4/6
  1292 | D:2      | Gained mutation: You are partially covered in large bone
                  | plates. (SH +4) [demonic ancestry]
  1292 | D:2      | Reached XP level 4. HP: 31/31 MP: 5/7
  1451 | D:2      | Noticed Terence
  1458 | D:2      | Killed Terence
  1718 | D:2      | Noticed Jessica
  1721 | D:2      | Killed Jessica
  1722 | D:2      | Reached skill level 1 in Evocations
  1722 | D:2      | Reached XP level 5. HP: 36/36 MP: 5/9
  2007 | D:3      | Noticed an ogre
  2014 | D:3      | Killed an ogre
  2015 | D:3      | Reached skill level 6 in Necromancy
  2023 | D:3      | Learned a level 3 spell: Vampiric Draining
  2143 | D:3      | Noticed Ijyb
  2151 | D:3      | Killed Ijyb
  2152 | D:3      | Reached XP level 6. HP: 25/42 MP: 2/11
  2556 | D:3      | Found a runed translucent gate.
  2556 | D:3      | Found a runed translucent gate.
  2556 | D:3      | Found a runed translucent gate.
  2562 | D:3      | Noticed frimble's ghost (weakling DsCA)
  2580 | D:3      | Found a faded altar of an unknown god.
  3142 | D:4      | Reached skill level 1 in Fighting
  3188 | D:4      | Noticed Edmund
  3190 | D:4      | Noticed Menkaure
  3200 | D:4      | Killed Edmund
  3201 | D:4      | Gained mutation: When hurt, damage is shared between your
                  | health and your magic reserves. [demonic ancestry]
  3201 | D:4      | Reached XP level 7. HP: 24/48 MP: 9/13
  3203 | D:4      | Killed Menkaure
  3211 | D:4      | Reached skill level 7 in Necromancy
  3227 | D:4      | Reached skill level 1 in Armour
  3643 | D:4      | Reached skill level 5 in Spellcasting
  3753 | D:4      | Reached skill level 1 in Staves
  4240 | D:5      | Entered Level 5 of the Dungeon
  4269 | D:5      | Found a basalt altar of Yredelemnul.
  4269 | D:5      | Found a blossoming altar of Fedhas.
  4352 | D:5      | Gained mutation: Your demonic aura sometimes causes spilled
                  | blood to erupt in flames. [demonic ancestry]
  4352 | D:5      | Reached XP level 8. HP: 45/54 MP: 12/16
  4742 | D:5      | Found a glowing drain.
  4754 | Sewer    | Entered a sewer
  4804 | Sewer    | Noticed Pargi
  4808 | Sewer    | Killed Pargi
  5059 | D:5      | Reached skill level 1 in Shields
  5349 | D:5      | Reached skill level 8 in Necromancy
  6564 | D:6      | Found a staircase to the Ecumenical Temple.
  6573 | Temple   | Entered the Ecumenical Temple
  6784 | Temple   | Became a worshipper of Uskayaw the Reveller
  6919 | D:6      | Reached * piety under Uskayaw
  6920 | D:6      | Reached ** piety under Uskayaw
  7397 | D:7      | Reached *** piety under Uskayaw
  7406 | D:7      | Reached **** piety under Uskayaw
  7409 | D:7      | Gained mutation: Your demonic aura often causes spilled
                  | blood to erupt in flames. [demonic ancestry]
  7409 | D:7      | Reached XP level 9. HP: 61/61 MP: 12/18
  7428 | D:7      | Found a stormy altar of Qazlal.
  8425 | D:7      | Reached skill level 9 in Necromancy
  8499 | D:7      | Mangled by an acid dragon

Illustrated notes

Levels and vault maps discovered:
D:1:      amcnicky_arrival_blooded_trapdoor, layout_loops_ring
D:2:      minmay_inner_zag, layout_basic, kennysheep_jessica_study, uniq_terence
D:3:      layout_rooms, gammafunk_ghost_necromancy,
          dreamdust_ecumenical_altar_hidden_monk_grotto, minmay_misc_feat_five,
          uniq_jessica, uniq_ijyb
D:4:      minmay_razor_zed, layout_loops_ring, serial_glass, glass_columns_c,
          glass_columns_a, uniq_edmund, uniq_menkaure
D:5:      layout_loops_ring, gammafunk_temple_overflow_wave, serial_rivers,
          chequers_serial_rivers_micro_d, chequers_serial_rivers_small_b,
          chequers_serial_rivers_room_b, chequers_serial_rivers_micro_d,
          chequers_serial_rivers_large_a, chequers_serial_rivers_marsh,
          cheibrodos_sewer_entry_sluice
D:6:      layout_basic, nicolae_elyvilon_peaceful_grove,
          minmay_temple_entry_mini_moons
D:7:      layout_basic, mainiacjoe_overflow_alcove_1, wad_rectangle_vault
Temple:   eino_narrow_crystal_temple

Skill      XL: |  1  2  3  4  5  6  7  8  9 |
---------------+----------------------------+-----
Necromancy     | 5 6 7 8 9 |  9.1
Dodging        | 2 3 |  3.7
Spellcasting   | 3 4 5 6 7 |  7.2
Evocations     | 1 2 |  2.7
Fighting       | 1 2 |  2.1
Armour         | 1 2 3 |  3.0
Staves         | 1 2 |  2.8
Shields        | 1 |  1.5
Stealth        | |  1.7

Action                   |  1- 3 |  4- 6 |  7- 9 || total
-------------------------+-------+-------+-------++-------
Melee: Staff             |    65 |    38 |   262 ||   365
       Tailslap          |     2 |     4 |    43 ||    49
       Punch             |       |     1 |     1 ||     2
Throw: Javelin           |       |     4 |    11 ||    15
       Boomerang         |       |       |     2 ||     2
 Cast: Necrotise         |    49 |    81 |   147 ||   277
       Vampiric Draining |       |     4 |    18 ||    22
Evoke: Wand              |       |     2 |    16 ||    18
  Use: Potion            |       |       |     6 ||     6
 Stab: Sleeping          |     2 |       |     3 ||     5
       Distracted        |       |     1 |     2 ||     3
       Paralysed         |       |       |     3 ||     3
Armor: Robe              |    21 |    12 |       ||    33
       Ring mail         |       |    17 |   131 ||   148
       Steam dragon scal |       |       |    31 ||    31
       Skin              |       |       |     2 ||     2
Dodge: Dodged            |    60 |    35 |   191 ||   286
Block: Other             |       |     9 |    70 ||    79

Table legend: (Time is in decaauts)
 A = Elapsed time spent in this place.
 B = Non-inter-level travel time spent in this place.
 C = Inter-level travel time spent in this place.
 D = Time resting spent in this place.
 E = Time spent auto-exploring this place.
 F = Levels seen in this place.
 G = Mean time per level.
                   A        B        C        D        E       F      G
               +--------+--------+--------+--------+--------+-----+--------+
         Total |   8584 |   8267 |    317 |   1726 |   5040 |   9 |  953.8 |
       Dungeon |   8221 |   7946 |    275 |   1726 |   4796 |   7 | 1174.4 |
        Temple |    226 |    184 |     42 |      0 |    171 |   1 |  226.0 |
         Sewer |    136 |    136 |      0 |      0 |     73 |   1 |  136.0 |
               +--------+--------+--------+--------+--------+-----+--------+

Top non-repeatable levels by time:
     D:6: 1564 daAuts
     D:5: 1494 daAuts
     D:4: 1478 daAuts
     D:1: 1109 daAuts
     D:7: 892 daAuts
     D:3: 883 daAuts
     D:2: 798 daAuts
  Temple: 226 daAuts
   Sewer: 136 daAuts
